 Dungeon Crawl Stone Soup version 0.31-a0-788-ga445dbd2db (webtiles) character file.

Game seed: 10206252601237035830

53 Ijustatesigmund the Firebug (level 3, 0/20 HPs)
             Began as a Deep Elf Fire Elementalist on Sept 18, 2023.
             Frozen to death by an endoplasm (2 damage)
             ... on level 2 of the Dungeon.
             The game lasted 00:01:42 (1402 turns).

Ijustatesigmund the Firebug (DEFE)                  Turns: 1402, Time: 00:01:43

Health: 0/20       AC:  2    Str:  5    XL:     3   Next: 64%
Magic:  2/10       EV: 12    Int: 21    God:
Gold:   69         SH:  0    Dex: 15    Spells: 6/9 levels left

rFire   . . .        d - +1 mace (drain)
rCold   . . .        (no shield)
rNeg    . . .        a - +0 robe
rPois   .            (no helmet)
rElec   .            (no cloak)
rCorr   .            (no gloves)
SInv    .            (no boots)
Will    .....        (no amulet)
Stlth   ++           (no ring)
HPRegen 0.23/turn    (no ring)
MPRegen 0.12/turn

%: no passive effects
@: no status effects
A: no striking features
a: no special abilities


You were on level 2 of the Dungeon.
You visited 1 branch of the dungeon, and saw 2 of its levels.

You collected 69 gold pieces.

Inventory:

Hand Weapons
 d - a +1 mace of draining (weapon)
Armour
 a - a +0 robe (worn)
Scrolls
 g - a scroll of identify {unknown}
 i - a scroll of teleportation {unknown}
Potions
 b - a potion of magic
 c - a potion of brilliance {unknown}
 e - a potion of ambrosia {unknown}
 f - a potion of degeneration {unknown}
 h - 2 potions of mutation {unknown}
 j - a potion of heal wounds {unknown}


   Skills:
 + Level 1.2 Fighting
 - Level 2.4 Dodging
 - Level 2.4 Stealth
 + Level 3.8 Spellcasting
 + Level 2.1 Conjurations
 + Level 3.8 Fire Magic


You had 6 spell levels left.
You knew the following spells:

 Your Spells              Type           Power      Damage    Failure   Level
a - Foxfire               Conj/Fire      64%        2x1d7     3%          1
b - Scorch                Fire           40%        2d6       3%          2

Your spell library contained the following spells:

 Spells                   Type           Power      Damage    Failure   Level
 Summon Small Mammal      Summ           12%        N/A       12%         1
 Inner Flame              Hex/Fire       12%        N/A       17%         3
 Volatile Blastmotes      Fire/Tloc      24%        2d12      17%         3
 Call Canine Familiar     Summ           3%         N/A       36%         3
 Summon Guardian Golem    Hex/Summ       3%         N/A       36%         3
 Flame Wave               Conj/Fire      16%        2d7       36%         4


Dungeon Overview and Level Annotations

Branches:
Dungeon (2/15)

Altars:


Message History

The endoplasm jiggles.
The endoplasm misses you.
The foxfire hits the adder.
The adder is moderately wounded.
The foxfire hits the adder.
The adder is heavily wounded.
The endoplasm hits you.
Casting: Foxfire (safe; 3% risk of failure)
Confirm with . or Enter, or press ? or * to list all spells.
Flames lash the goblin.
You kill the goblin!
The adder misses you.
The endoplasm hits you but does no damage.
The adder bites you.
You are poisoned.
The adder poisons you!
You feel sick. The adder bites you. The endoplasm barely misses you.
You completely miss the adder.
The adder is heavily wounded.
You feel sick. The adder closely misses you. The endoplasm hits you.
The adder barely misses you.
You sock the adder!
You kill the adder!
You feel sick. The endoplasm misses you. The endoplasm freezes you.
You are frozen.
* * * LOW HITPOINT WARNING * * *
Unknown command.
Casting: Scorch (safe; 3% risk of failure)
Confirm with . or Enter, or press ? or * to list all spells.
Flames lash the endoplasm.
The endoplasm is heavily wounded.
The endoplasm's fire resistance burns away.
You feel sick. The endoplasm hits you.
* * * LOW HITPOINT WARNING * * *
You feel sick.
You are no longer poisoned.
The endoplasm freezes you.
You are frozen.
You die...

##..#......## ###
##......####. #..
........# #.#
###.# ###.##..#
##. # ..#.# #.
#..###.# ..# #.#.#
#. #....^##
....##.#.#
#.##.....#
.......#.##
#.##.....##
....).J@..#
#.#.....†..
....#.†#..#
#.#..#...### .
#.)#..##.##.###).#
#..#....###..#...#
#..##.##.###...#.#
#.. #.###.#.####.#
........)#.## #.#
##.........# #.#
.......### #.#


You could see an endoplasm (combustible).

Vanquished Creatures
  3 adders (D:2)
  A bat (D:2)
  2 endoplasms
  6 goblins
  A hobgoblin (D:1)
  3 jackals (D:1)
  3 kobolds (D:2)
  A ball python (D:1)
  A frilled lizard (D:1)
  4 rats
25 creatures vanquished.

Vanquished Creatures (others)
  62 foxfires
62 creatures vanquished.

Grand Total: 87 creatures vanquished

Notes
Turn   | Place    | Note
-------+----------+-------------------------------------------
     0 | D:1      | Ijustatesigmund the Deep Elf Fire Elementalist began the
                  | quest for the Orb.
     0 | D:1      | Reached XP level 1. HP: 10/10 MP: 6/6
   574 | D:1      | Reached XP level 2. HP: 16/16 MP: 5/8
   577 | D:1      | Learned a level 2 spell: Scorch
  1223 | D:2      | Reached skill level 1 in Fighting
  1223 | D:2      | Reached XP level 3. HP: 20/20 MP: 6/10
  1261 | D:2      | Identified the +8 whip of Usiodghik {flame, Str-5 Dex+8
                  | SInv Stlth+}
  1402 | D:2      | Frozen to death by an endoplasm

Illustrated notes

Levels and vault maps discovered:
D:1:      dpeg_arrival_court, layout_basic
D:2:      layout_loops_ring, minivault_24, uniq_robin

Skill      XL: |  1  2  3 |
---------------+----------+-----
Fighting       | 1 |  1.2
Conjurations   | 2 |  2.1
Dodging        | |  2.4
Stealth        | |  2.4
Spellcasting   | |  3.8
Fire Magic     | |  3.8

Action                     || total
---------------------------++-------
  Melee: Great mace        ||     4
         Mace              ||     4
   Cast: Foxfire           ||    38
         Scorch            ||     8
   Stab: Distracted        ||     1
         Sleeping          ||     1
 Armour: Robe              ||    10
  Dodge: Dodged            ||     9

Table legend: (Time is in decaauts)
 A = Elapsed time spent in this place.
 B = Non-inter-level travel time spent in this place.
 C = Inter-level travel time spent in this place.
 D = Time resting spent in this place.
 E = Time spent auto-exploring this place.
 F = Levels seen in this place.
 G = Mean time per level.
                   A        B        C        D        E       F      G
               +--------+--------+--------+--------+--------+-----+--------+
         Total |   1404 |   1386 |     18 |     39 |   1154 |   2 |  702.0 |
       Dungeon |   1404 |   1386 |     18 |     39 |   1154 |   2 |  702.0 |
               +--------+--------+--------+--------+--------+-----+--------+

Top non-repeatable levels by time:
     D:1: 932 daAuts
     D:2: 471 daAuts
